Match 34272069
Unlisted

Match 34272069
End
Kradschützen Motorcycle Team
Selects Italian Combined Arms Battlegroup
Selects Bersaglieri Squad
Bersaglieri Squad
Bersaglieri Squad
Bersaglieri Squad
Construct Light Support Kompanie
Selects Bersaglieri Bolster
2.5-tonne Medical Truck
Fire Support Elements
le.IG 18 Mechanized Group
Selects Breda Model 30 Light Machine Guns
Selects Breda Model 30 Light Machine Guns
Bersaglieri Squad
Bersaglieri Squad
Selects Semovente da 75/18 Assault Gun
2.5-tonne Medical Truck
Construct Panzerarmee Kommand
Combat Half-tracks
Panzer III L Medium Tank
Selects Strafing Run
Panzer III L Medium Tank
Strafing Run
Panzer III L Medium Tank
Selects Artillery Cover
Bersaglieri Squad
Strafing Run
Artillery Cover
Vehicle Survival Package
Strafing Run
著名指挥官白吉尔
Bophades
著名指挥官突破仑
Slonek
Cloudraven
Redapse
matrix4x4
PLECHU
0
0

Comments sign in to comment!

No comments posted yet!